 Dungeon Sprint DCSS version 0.31-a0-43-g46d131a48f (webtiles) character file.

Game seed: 7953346993500995238

2310 sircluck the Grappler (level 9, -7/100 HPs)
             Began as a Troll Berserker on May 18, 2023.
             Was an Elder of Trog.
             Shot with an arrow by a centaur warrior (27 damage)
             ... in the Dungeon (Sprint I: "Red Sonja").
             The game lasted 00:02:51 (440 turns).

sircluck the Grappler (Troll Berserker)              Turns: 440, Time: 00:02:52

Health: -7/100     AC:  5    Str: 31    XL:     9   Next: 18%
Magic:  8/8        EV: 14    Int:  3    God:    Trog [****..]
Gold:   242        SH:  0    Dex: 15    Spells: 8/8 levels left

rFire   . .          .
                       - Unarmed
rCold   . . .        q - orb {mayhem}
rNeg    . . .        a - +0 animal skin
rPois   .            (helmet restricted)
rElec   .            o - +0 cloak
rCorr   .            (gloves unavailable)
SInv    .            (boots unavailable)
Will    .....        (no amulet)
Stlth   ++           l - +6 ring of dexterity
HPRegen 1.16/turn    (no ring)
MPRegen 0.11/turn

%: no teleportation, mayhem
@: no status effects
A: large, unfitting armour, claws 3, regeneration 1, shaggy fur 1, tough skin 1
a: Renounce Religion, Berserk, Trog's Hand, Brothers in Arms


You were in the Dungeon.
You worshipped Trog.
Trog was greatly pleased with you.
You visited 1 branch You collected 847 gold pieces.
You spent 605 gold pieces at shops.

Inventory:

Missiles
 p - 3 stones (quivered)
Armour
 a - a +0 animal skin (worn)
 o - a +0 cloak (worn)
 q - an orb of mayhem (worn)
Jewellery
 l - a +6 ring of dexterity (left claw)
Wands
 h - a wand of paralysis (2)
 j - a wand of flame (31)
Scrolls
 k - a scroll of acquirement {unknown}
Potions
 b - 5 potions of curing
 c - a potion of heal wounds
 d - a potion of haste
 e - 2 potions of magic
 f - a potion of berserk rage
 i - a potion of brilliance
 m - 2 potions of lignification
 n - a potion of attraction {unknown}


   Skills:
 + Level 9.6 Fighting
 + Level 9.9 Dodging
 + Level 1.3 Stealth
 + Level 14.1 Unarmed Combat


You had 8 spell levels left.
You didn't know any spells.
Your spell library was empty.

Dungeon Overview and Level Annotations

Branches:
Dungeon (1/1)

Altars:
Cheibriados
Dithmenos
Elyvilon
Fedhas
Gozag
Hepliaklqana
Kikubaaqudgha
Makhleb
Nemelex Xobeh
Okawaru
Qazlal
Ru
Sif Muna
Trog
Uskayaw
Vehumet
Wu Jian
Xom
Yredelemnul
Zin
The Shining One
Jiyva
Lugonu

Shops:
D =[


Innate Abilities, Weirdness & Mutations

You are too large for most types of armour.
You have claws for hands.
Your natural rate of healing is unusually fast.
You are covered in fur. (AC +1)
You have tough skin. (AC +1)


Message History

You finish putting on your orb of mayhem.
Unknown command.
A centaur warrior comes into view.
The centaur warrior moves out of view.
Found 14 gold pieces.
There is an open door here.
You throw a stone.
The stone hits the centaur warrior but does no damage.
The centaur warrior wields a +0 shortbow.
The centaur warrior shoots an arrow.
The arrow misses you.
You hear a shout!
You throw a stone. The stone hits the centaur warrior.
The centaur warrior is lightly wounded.
The centaur warrior shoots an arrow.
The arrow hits you!!
The centaur warrior wields a +0 longbow.
The centaur warrior shoots an arrow.
The arrow hits you!
The centaur warrior shoots an arrow.
The arrow hits you!!
The centaur warrior shoots an arrow.
The arrow hits you!!
The centaur warrior shoots an arrow.
The arrow completely misses you.
There is an open door, spattered with blood here.
Blink to where?
Press: ? - help, Dir - move target, p - centaur warrior
Okay, then.
The centaur warrior shoots an arrow.
The arrow barely misses you.
Blink to where?
Press: ? - help, Dir - move target, p - centaur warrior
As you read the scroll of blinking, it crumbles to dust.
There is an open door here.
You don't know any spells.
You close the door.
Keep disrobing?
You start removing your armour.
You continue taking off your orb of mayhem.
The centaur warrior shouts!
The centaur warrior shoots an arrow.
The arrow misses you.
You continue taking off your orb of mayhem.
The centaur warrior shoots an arrow.
The arrow hits you!!
* * * LOW HITPOINT WARNING * * *
The centaur warrior shoots an arrow.
The arrow hits you!!
You die...

##########################
#<.#..)..#.)'..#__#..')..#
#..)..#..'..#..'..'..#)..#
#..#####'#####'#__####...+
#..####..#...#.####§§#####
#..#__####..##.#~§§§§#
#..#_____##'#_.+~~~§§+
#⌠⌠#_.∩...÷..._#~c§c.#
####_..__##_@#'##c###
#_____###'#.#..:.###
#########c####'###.##
.......'.c.'.....')∩#
++++####.).##########
###.### #.#'#.# #.....#
#.....#


You could see 2 centaur warriors.

Vanquished Creatures
  Sonja (D)
  A deep troll (D)
  2 kobold demonologists (D)
  A slime creature (D)
  Sigmund (D)
  A yak (D)
  A floating eye (D)
  An ogre (D)
  A jelly (D)
  Ijyb (D)
  A ballistomycete spore (D)
12 creatures vanquished.

Vanquished Creatures (others)
  A ballistomycete spore (D)
1 creature vanquished.

Grand Total: 13 creatures vanquished

Notes
Turn   | Place    | Note
-------+----------+-------------------------------------------
     0 | D        | sircluck the Troll Berserker began the quest for the Orb.
     0 | D        | Reached XP level 1. HP: 22/22 MP: 0/0
     1 | D        | Noticed Ijyb
     5 | D        | Killed Ijyb
     6 | D        | Reached skill level 4 in Unarmed Combat
     6 | D        | Reached XP level 2. HP: 32/32 MP: 1/1
    53 | D        | Noticed an ogre
    58 | D        | Killed an ogre
    59 | D        | Reached skill level 6 in Unarmed Combat
    59 | D        | Reached XP level 3. HP: 41/41 MP: 2/2
    59 | D        | Reached XP level 4. HP: 49/49 MP: 3/3
   123 | D        | Noticed Sigmund
   127 | D        | Killed Sigmund
   127 | D        | Reached ** piety under Trog
   128 | D        | Reached skill level 8 in Unarmed Combat
   128 | D        | Reached XP level 5. HP: 55/59 MP: 4/4
   144 | D        | Found an ornate altar of the Wu Jian Council.
   144 | D        | Found a shimmering blue altar of Sif Muna.
   146 | D        | Found a radiant altar of Vehumet.
   150 | D        | Reached XP level 6. HP: 52/68 MP: 5/5
   157 | D        | Found a burning altar of Makhleb.
   157 | D        | Found a viscous altar of Jiyva.
   157 | D        | Found a shimmering altar of Xom.
   157 | D        | Found a corrupted altar of Lugonu.
   157 | D        | Noticed a slime creature
   162 | D        | Killed a slime creature
   163 | D        | Reached skill level 9 in Unarmed Combat
   213 | D        | Found Gumue's Jewellery Emporium.
   213 | D        | Found an ancient bone altar of Kikubaaqudgha.
   213 | D        | Found a hazy altar of Hepliaklqana.
   213 | D        | Found a stormy altar of Qazlal.
   213 | D        | Found a hide-covered altar of Uskayaw.
   213 | D        | Found a blossoming altar of Fedhas.
   213 | D        | Found a bloodstained altar of Trog.
   213 | D        | Found an iron altar of Okawaru.
   213 | D        | Found a basalt altar of Yredelemnul.
   213 | D        | Found a glowing golden altar of the Shining One.
   213 | D        | Found a snail-covered altar of Cheibriados.
   213 | D        | Found a sacrificial altar of Ru.
   213 | D        | Found a glowing silver altar of Zin.
   213 | D        | Found a shadowy altar of Dithmenos.
   213 | D        | Found a white marble altar of Elyvilon.
   213 | D        | Noticed a yak
   218 | D        | Killed a yak
   218 | D        | Reached *** piety under Trog
   219 | D        | Reached skill level 10 in Unarmed Combat
   219 | D        | Reached XP level 7. HP: 70/78 MP: 6/6
   219 | D        | Found an opulent altar of Gozag.
   220 | D        | Found a sparkling altar of Nemelex Xobeh.
   228 | D        | Bought a +6 ring of dexterity for 360 gold pieces
   251 | D        | Noticed a kobold demonologist
   251 | D        | Noticed a kobold demonologist
   255 | D        | Noticed a ynoxinul
   258 | D        | Killed a kobold demonologist
   259 | D        | Reached skill level 11 in Unarmed Combat
   259 | D        | Paralysed by a floating eye for 4 turns
   265 | D        | Killed a kobold demonologist
   265 | D        | Reached **** piety under Trog
   266 | D        | Reached skill level 12 in Unarmed Combat
   266 | D        | Reached XP level 8. HP: 86/89 MP: 7/7
   292 | D        | Noticed Sonja
   298 | D        | Killed Sonja
   299 | D        | Reached skill level 13 in Unarmed Combat
   361 | D        | Noticed a deep troll
   369 | D        | Killed a deep troll
   370 | D        | Reached skill level 1 in Stealth
   370 | D        | Reached skill level 14 in Unarmed Combat
   370 | D        | Reached XP level 9. HP: 77/100 MP: 8/8
   379 | D        | Found Tomi's Armour Emporium.
   386 | D        | Bought a +0 cloak for 63 gold pieces
   415 | D        | Bought an orb of mayhem for 182 gold pieces
   422 | D        | Noticed a centaur warrior
   428 | D        | Noticed a centaur warrior
   440 | D        | Shot with an arrow by a centaur warrior

Illustrated notes

Levels and vault maps discovered:
D:        dungeon_sprint_1 [red_sonja_temple_1, red_sonja_temple_small_1]

Skill      XL: |  1  2  3  4  5  6  7  8 |
---------------+-------------------------+-----
Fighting       | 3 4 6 7 8 9 |  9.6
Dodging        | 3 4 6 7 8 9 |  9.9
Unarmed Combat | 4 6 8 10 12 14 | 14.1
Stealth        | 1 |  1.3

Action                     |  1- 3 |  4- 6 |  7- 9 || total
---------------------------+-------+-------+-------++-------
  Melee: Unarmed           |     7 |    13 |    18 ||    38
         Punch             |       |     1 |     3 ||     4
  Throw: Stone             |       |       |     2 ||     2
 Invoke: Berserk           |     2 |       |     1 ||     3
  Evoke: Wand              |       |       |     1 ||     1
    Use: Scroll            |       |       |     3 ||     3
   Stab: Paralysed         |       |       |     2 ||     2
 Armour: Animal skin       |     1 |       |     7 ||     8
  Dodge: Dodged            |     1 |     5 |    14 ||    20

Table legend: (Time is in decaauts)
 A = Elapsed time spent in this place.
 B = Non-inter-level travel time spent in this place.
 C = Inter-level travel time spent in this place.
 D = Time resting spent in this place.
 E = Time spent auto-exploring this place.
 F = Levels seen in this place.
 G = Mean time per level.
                   A        B        C        D        E       F      G
               +--------+--------+--------+--------+--------+-----+--------+
         Total |    468 |    468 |      0 |    122 |     43 |   1 |  468.0 |
       Dungeon |    468 |    468 |      0 |    122 |     43 |   1 |  468.0 |
               +--------+--------+--------+--------+--------+-----+--------+

Top non-repeatable levels by time:
       D: 468 daAuts
